 Dungeon Crawl Stone Soup version 0.19.0 (webtiles) character file.

142 CanadianGator the Grave Robber (level 5, -8/36 HPs)
             Began as a Demonspawn Necromancer on Nov 16, 2016.
             Was a Follower of Ashenzari.
             Killed by divine providence
             ... invoked by an orc priest
              (11 damage)
             ... on level 3 of the Dungeon.
             The game lasted 00:11:30 (2340 turns).

CanadianGator the Grave Robber (DsNe)               Turns: 2340, Time: 00:11:31

Health: -8/36      AC:  5    Str: 13    XL:     5   Next: 3%
Magic:  2/8        EV: 13    Int: 18    God:    Ashenzari [*.....]
Gold:   141        SH:  0    Dex: 13    Spells: 1 memorised, 5 levels left

rFire  . . .     SeeInvis .     e - +1 short sword
rCold  . . .     Gourm    .     a - +0 robe
rNeg   + . .     Faith    .     (no shield)
rPois  .         Spirit   .     r - +1 helmet
rElec  .         Reflect  .     (no cloak)
rCorr  .         Harm     .     (no gloves)
MR     .....                    k - +0 pair of boots
Stlth  ++........               (no amulet)
                                (no ring)
                                f - ring of positive energy

@: mighty
A: spiny 2, rot immunity
a: Curse Item, Scrying, Renounce Religion


You were on level 3 of the Dungeon.
You worshipped Ashenzari.
Ashenzari was aware of your devotion.
You were near starving.

You visited 1 branch of the dungeon, and saw 3 of its levels.

You collected 141 gold pieces.

Inventory:

Hand Weapons
 e - a +1 short sword (weapon)
Armour
 a - a +0 robe (worn)
 k - a +0 pair of boots (worn)
 r - a +1 helmet (worn)
Jewellery
 f - a ring of positive energy (left hand)
Scrolls
 d - 4 scrolls of remove curse
 g - a scroll of blinking
 m - 3 scrolls of identify
 q - a scroll of fog {unknown}
Potions
 h - a potion of might
 l - a potion of curing {unknown}
 o - a potion of agility {unknown}
 p - a potion of brilliance {unknown}
Books
 b - a book of Necromancy

   Spells                             Type                      Level
   a - Pain                           Necromancy                   1
   b - Animate Skeleton               Necromancy                   1
   c - Vampiric Draining              Necromancy                   3
   d - Regeneration                   Charms/Necromancy            3
   e - Animate Dead                   Necromancy                   4
   f - Control Undead                 Necromancy                   4
Comestibles
 c - 3 fruits
 i - a slice of pizza
 j - 3 meat rations
 n - a bread ration


   Skills:
 + Level 0.6 Fighting
 + Level 1.5 Short Blades
 * Level 2.5 Dodging
 + Level 2.5 Stealth
 + Level 2.4 Spellcasting
 * Level 5.3 Necromancy


You had 5 spell levels left.
You knew the following spells:

 Your Spells              Type           Power        Failure   Level  Hunger
a - Vampiric Draining     Necr           ###.......   10%         3    ###....


Dungeon Overview and Level Annotations

Branches:
Dungeon (3/15)

Altars:
Ashenzari
Elyvilon
Vehumet


Innate Abilities, Weirdness & Mutations

You are mostly covered in sharp spines.
You are immune to rotting.


Message History

The orc priest invokes the aid of Beogh against you.
Beogh smites you!
* * * LOW HITPOINT WARNING * * *
An adder comes into view.
Casting: Vampiric Draining
Confirm with . or Enter, or press ? or * to list all spells.
You don't know that spell.
The orc priest calls down the wrath of Beogh upon you.
Pain shoots through your body!
* * * LOW HITPOINT WARNING * * *
Casting: Vampiric Draining
Confirm with . or Enter, or press ? or * to list all spells.
You don't have enough magic to cast that spell.
Unknown command.
It was a potion of might.
You feel very mighty all of a sudden.
The adder hisses angrily.
The orc priest mumbles some strange prayers to Beogh against you.
Beogh smites you!
You die...

#....†....#
#.........#
#.........#
#........(#
###
#!..S....(#
..##
#.........#
....
#.........#
....
#......<).#
.(..
....######@#
#### .###
#o# .... #o#
.... .o#
#### ### # #
# #


You could see 2 orc priests, an adder and an orc.

Vanquished Creatures
  Ijyb (D:2)
  4 adders
  6 worms
  3 dart slugs (D:1)
  3 orcs (D:3)
  6 bats
  5 giant cockroaches
  3 goblins (D:3)
  7 hobgoblins
  4 frilled lizards
  8 kobolds
  6 rats
56 creatures vanquished.

Notes
Turn   | Place    | Note
-------+----------+-------------------------------------------
     0 | D:1      | CanadianGator the Demonspawn Necromancer began the quest for the Orb.
     0 | D:1      | Reached XP level 1. HP: 13/13 MP: 3/3
   467 | D:1      | Gained mutation: You are immune to rotting. [demonic ancestry]
   467 | D:1      | Reached XP level 2. HP: 18/19 MP: 3/5
   487 | D:1      | Found a shattered altar of Ashenzari.
   506 | D:1      | Became a worshipper of Ashenzari the Shackled
   919 | D:1      | Reached skill level 5 in Necromancy
   931 | D:1      | Reached XP level 3. HP: 22/25 MP: 1/6
   958 | D:1      | Learned a level 3 spell: Vampiric Draining
  1412 | D:2      | Noticed Ijyb
  1436 | D:2      | Killed Ijyb
  1597 | D:2      | Gained mutation: You are partially covered in sharp spines. [demonic ancestry]
  1597 | D:2      | Reached XP level 4. HP: 23/31 MP: 7/7
  1613 | D:2      | Found a radiant altar of Vehumet.
  1621 | D:2      | Reached skill level 1 in Short Blades
  1844 | D:2      | Found a white marble altar of Elyvilon.
  2207 | D:3      | Found a faded altar of an unknown god.
  2222 | D:3      | Reached * piety under Ashenzari
  2322 | D:3      | Gained mutation: You are mostly covered in sharp spines. [demonic ancestry]
  2322 | D:3      | Reached XP level 5. HP: 19/36 MP: 3/8
  2340 | D:3      | Killed from afar by an orc priest

Skill      XL: |  1  2  3  4 |
---------------+-------------+-----
Dodging        | 2 |  2.5
Necromancy     | 5 |  5.3
Stealth        | 2 |  2.5
Short Blades   | 1 |  1.5
Fighting       | |  0.6
Spellcasting   | |  2.4

Action                   |  1- 3 |  4- 6 || total
-------------------------+-------+-------++-------
Melee: Unarmed           |     5 |       ||     5
       Short sword       |    68 |    67 ||   135
 Cast: Pain              |    25 |       ||    25
       Vampiric Draining |     3 |     8 ||    11
  Use: Scroll            |     6 |     2 ||     8
       Potion            |       |     1 ||     1
 Stab: Sleeping          |     1 |     3 ||     4
  Eat: Bread ration      |     1 |       ||     1
Armor: Robe              |    19 |    13 ||    32
Dodge: Dodged            |    59 |    30 ||    89
